 Dungeon Crawl Stone Soup version 0.30-a0-364-gf6b3ef1049 (webtiles) character file.

Game seed: 3340858102761305444

262983 tilp the Lord of Darkness (level 19, -10/150 HPs)
             Began as a Mummy Necromancer on Nov 14, 2022.
             Was the Champion of Kikubaaqudgha.
             Killed from afar by an ironbound thunderhulk (47 damage)
             ... with a bolt of lightning
             ... on level 1 of the Vaults.
             The game lasted 02:01:07 (41266 turns).

tilp the Lord of Darkness (Mummy Necromancer)      Turns: 41266, Time: 02:01:08

Health: -10/150    AC: 23    Str: 12    XL:     19   Next: 24%
Magic:  22/36      EV: 15    Int: 34    God:    Kikubaaqudgha [******]
Gold:   3019       SH:  0    Dex: 13    Spells: 11/44 levels left

rFire   + . .      SeeInvis +    a - +3 lajatang "Ruiroimpupt" {freeze, rPois Int+10 SInv Stlth-}
rCold   + + .      Faith    +    (shield currently unavailable)
rNeg    + + +      Spirit   .    P - +3 leather armour {rF+}
rPois   ∞          Reflect  .    l - +2 helmet
rElec   .          Harm     .    Z - scarf {rC+ rF+}
rCorr   +          Rampage  .    S - +2 pair of gloves
Will    ++++.                    d - +1 pair of boots {Stlth+}
Stlth   +++.......               O - amulet "Juerur" {RegenMP Fly rPois}
HPRegen 0.45/turn                B - +4 ring of protection
MPRegen 0.65/turn                q - ring of the Catfish {Will++ rCorr AC+4 Int+3}

@: frozen, flying, very slow
A: cold resistance 1, negative energy resistance 3, torment resistance 2, heat
vulnerability 1, in touch with death 2, no potions, faith
}: 2/15 runes: decaying, gossamer
a: Renounce Religion, Unearth Wretches, Torment


You were on level 1 of the Vaults.
You worshipped Kikubaaqudgha.
Kikubaaqudgha was exalted by your worship.
You visited 7 branches of the dungeon, and saw 32 of its levels.
You also visited: Sewer, Gauntlet, Ice Cave and Volcano.

You collected 3616 gold pieces.
You spent 597 gold pieces at shops.

Inventory:

Hand Weapons
 a - the +3 lajatang "Ruiroimpupt" (weapon) {freeze, rPois Int+10 SInv Stlth-}
   (You acquired it on level 2 of the Spider Nest)

   It freezes those it strikes, dealing additional cold damage.
   It can also slow down cold-blooded creatures.
   Int:       It affects your intelligence (+10).
   rPois:     It protects you from poison.
   SInv:      It lets you see invisible.
   Stlth:     It makes you less stealthy.
 f - a +3 eveningstar of freezing
 X - the +7 Spriggan's Knife {stab, EV+4 Stlth+}
   (You found it on level 3 of the Spider Nest)

   It is more effective when stabbing unaware enemies, sometimes treating them
   as though they were completely helpless.
   EV:        It affects your evasion (+4).
   Stlth:     It makes you more stealthy.
Missiles
 c - 48 poisoned darts (quivered)
 o - 21 boomerangs
 y - 3 throwing nets
 A - 14 javelins
 I - 11 curare-tipped darts
Armour
 d - a +1 pair of boots of stealth (worn)
 e - a +1 buckler of cold resistance
 l - a +2 helmet (worn)
 F - a +0 cloak
 P - a +3 leather armour of fire resistance (worn)
 S - a +2 pair of gloves (worn)
 U - a +2 chain mail of fire resistance
 Y - the +12 chain mail of Mental Paralysis {Int+2}
   (You found it on level 4 of the Swamp)

   Int:       It affects your intelligence (+2).
 Z - a scarf of resistance (worn)
Magical Staves
 b - a staff of death
Jewellery
 q - the ring of the Catfish (right hand) {Will++ rCorr AC+4 Int+3}
   (You found it in an ice cave)

   [ring of protection]

   AC:        It affects your AC (+4).
   Int:       It affects your intelligence (+3).
   rCorr:     It protects you from acid and corrosion.
   Will:      It greatly increases your willpower.
 t - a ring of willpower
 x - the ring "Melynor" {Ice rN+ Str-5 Int+3}
   (You found it in an ice cave)

   [ring of ice]

   It enhances your ice magic.
   Str:       It affects your strength (-5).
   Int:       It affects your intelligence (+3).
   rF:        It makes you vulnerable to fire.
   rC:        It protects you from cold.
   rN:        It protects you from negative energy.
 z - a +6 ring of intelligence
 B - a +4 ring of protection (left hand)
 D - the amulet "Amoufif" {RegenMP +Blink}
   (You found it in an ice cave)

   [amulet of magic regeneration]

   It increases your rate of magic regeneration.
   +Blink:    It lets you blink.
 H - a ring of flight
 O - the amulet "Juerur" (around neck) {RegenMP Fly rPois}
   (You acquired it on level 1 of the Lair of Beasts)

   [amulet of magic regeneration]

   It increases your rate of magic regeneration.
   rPois:     It protects you from poison.
   Fly:       It grants you flight.
 V - a +6 ring of dexterity
Wands
 g - a wand of polymorph (15)
 j - a wand of flame (20)
 m - a wand of roots (25)
 w - a wand of paralysis (35)
 C - a wand of quicksilver (15)
 Q - a wand of digging (35)
 R - a wand of mindburst (22)
Scrolls
 h - 4 scrolls of fog
 i - 5 scrolls of immolation
 k - 6 scrolls of vulnerability
 n - 12 scrolls of teleportation
 p - 5 scrolls of poison
 r - 4 scrolls of summoning
 s - 7 scrolls of amnesia
 u - a scroll of magic mapping
 v - 3 scrolls of torment
 E - 5 scrolls of blinking
 G - 5 scrolls of fear
 J - a scroll of silence
 K - 2 scrolls of brand weapon
 L - 6 scrolls of enchant weapon
Miscellaneous
 M - a piece from Xom's chessboard (15/15)
 N - a tin of tremorstones (2/2)
 T - a condenser vane
 W - a box of beasts


   Skills:
 + Level 13.5 Fighting
 * Level 10.7 Staves
 - Level 6.0 Armour
 + Level 9.7 Dodging
 - Level 6.0 Stealth
 - Level 13.0 Spellcasting
 + Level 9.9 Hexes
 * Level 17.3 Necromancy
 * Level 6.6 Ice Magic
 - Level 8.0 Earth Magic
 + Level 9.7 Evocations


You had 11 spell levels left.
You knew the following spells:

 Your Spells              Type           Power      Damage    Failure   Level
a - Necrotise             Necr           100%       1d9       0%          1
b - Vampiric Draining     Necr           100%       2d13      0%          3
c - Animate Dead          Necr           100%       N/A       1%          4
d - Anguish               Hex/Necr       65%        N/A       1%          4
e - Borgnjor's Vile Clut  Necr/Erth      63%        N/A       1%          5
f - Dispel Undead         Necr           100%       3d31      1%          4
g - Death Channel         Necr           71%        N/A       1%          6
h - Simulacrum            Ice/Necr       62%        N/A       2%          6

Your spell library contained the following spells:

 Spells                   Type           Power      Damage    Failure   Level
 Freeze                   Ice            100%       1d10      1%          1
 Kiss of Death            Conj/Necr      100%       2d13      1%          1
 Cigotuvi's Dreadful Rot  Necr/Pois/Air  100%       N/A       1%          2
 Hailstorm                Conj/Ice       44%        3d10      1%          3
 Summon Guardian Golem    Hex/Summ       54%        N/A       1%          3
 Agony                    Necr           100%       N/A       1%          5
 Apportation              Tloc           44%        N/A       2%          1
 Sting                    Tmut/Pois      88%        1d7       2%          1
 Summon Small Mammal      Summ           88%        N/A       2%          1
 Lee's Rapid Deconstruct  Erth           33%        3d17*     2%          5
 Metabolic Englaciation   Hex/Ice        34%        N/A       2%          5
 Blink                    Tloc           44%        N/A       3%          2
 Fulminant Prism          Conj/Hex       27%        3d14      3%          4
 Petrify                  Tmut/Erth      49%        N/A       4%          4
 Call Canine Familiar     Summ           22%        N/A       7%          3
 Gell's Gravitas          Tloc           22%        N/A       7%          3
 Ignite Poison            Fire/Tmut/Pois 22%        N/A       7%          3
 Kindle Blastsparks       Fire/Tloc/Air  44%        2d13      7%          3
 Teleport Other           Tloc           22%        N/A       7%          3
 Infestation              Necr           71%        N/A       13%         8
 Airstrike                Air            11%        2d(2-18)  24%         4
 Iskenderun's Mystic Bla  Conj/Tloc      22%        2d6       24%         4
 Manifold Assault         Tloc           22%        N/A       24%         4
 Sticky Flame             Conj/Fire      22%        2d4       24%         4
 Summon Lightning Spire   Summ/Air       22%        N/A       24%         4
 Freezing Cloud           Conj/Ice/Air   18%        6-21      26%         5
 Haunt                    Necr/Summ      55%        N/A       50%         7
 Fireball                 Conj/Fire      11%        3d7       54%         5
 Irradiate                Conj/Tmut      11%        3d15      54%         5
 Iskenderun's Battlesphe  Conj           22%        2d8       54%         5
 Lightning Bolt           Conj/Air       11%        1d24      54%         5
 Summon Forest            Summ/Tloc      11%        N/A       54%         5
 Conjure Ball Lightning   Conj/Air       11%        3x3d7     98%         6
 Dispersal                Tloc           11%        N/A       98%         6
 Eringya's Noxious Bog    Tmut/Pois      11%        N/A       98%         6
 Orb of Destruction       Conj           11%        9d6       100%        7
 Summon Hydra             Summ           11%        N/A       100%        7
 Disjunction              Tloc           11%        N/A       100%        8
 Ignition                 Fire           11%        3d5       100%        8
 Maxwell's Capacitive Co  Air            11%        ∞         100%        8
 Wereblood                Tmut           Unusable   N/A       N/A         2
 Ice Form                 Ice/Tmut       Unusable   N/A       N/A         4
 Blade Hands              Tmut           Unusable   N/A       N/A         5
 Statue Form              Tmut/Erth      Unusable   N/A       N/A         6
 Dragon Form              Tmut           Unusable   N/A       N/A         7
 Storm Form               Tmut/Air       Unusable   N/A       N/A         7

Dungeon Overview and Level Annotations

Branches:
Dungeon (15/15)            Temple (1/1) D:7            Lair (5/5) D:10
  Swamp (4/4) Lair:3       Spider (4/4) Lair:3        Slime (0/5) Lair:5
    Orc (2/2) D:12            Elf (0/3) Orc:2        Vaults (1/5) D:14
 Depths (0/4) D:15          Sewer (visited)           IceCv (visited)
Volcano (visited)         Gauntlet (visited)

Altars:
Ashenzari
Cheibriados
Dithmenos
Fedhas
Gozag
Hepliaklqana
Kikubaaqudgha
Makhleb
Nemelex Xobeh
Okawaru
Qazlal
Ru
Sif Muna
Trog
Uskayaw
Vehumet
Wu Jian
Xom
Yredelemnul
Jiyva

Shops:
D:8 *   D:15 (   Orc:2 :((:   Vaults:1 ?

Portals:
Trove: D:13 (give +3 shadow dragon scales)

Annotations:
Lair:1 1 runed translucent door, Athor's ghost, journeyman VSFi


Innate Abilities, Weirdness & Mutations

You are immune to poison.
Your flesh is cold resistant. (rC+)
You are immune to negative energy. (rN+++)
You are immune to unholy pain and torment.
You are vulnerable to heat. (rF-)
You are strongly in touch with the powers of death.
You do not drink.
You have a special connection with the divine. (Faith)


Message History

The zombie hands constrict the dire elephant!!
The zombie hands release their grip on the dire elephant.
Your yaktaur captain zombie hits the slime creature.
The slime creature dies!
Kikubaaqudgha accepts your kill.
The ironbound frostheart calls freezing cold from the walls.
The frost grips you. You resist.
The frost grips your yaktaur captain zombie.
Your yaktaur captain zombie resists.
The frost grips your ironbound preserver zombie.
Your ironbound preserver zombie resists.
The frost grips your ironbound preserver zombie.
Your ironbound preserver zombie resists.
A yaktaur comes into view. It is wielding a +0 hand axe.
The dire elephant tramples your yaktaur captain zombie!!
Your yaktaur captain zombie holds its ground!
The dire elephant is wracked by anguish!!
The dire elephant dies!
Kikubaaqudgha accepts your kill.
Electricity crackles from the ironbound thunderhulk's apparatus.
The bolt of lightning hits you!!
* * * LOW HITPOINT WARNING * * *
The frost giant gestures at you while chanting.
The bolt of cold hits your yaktaur captain zombie.
Your yaktaur captain zombie resists.
The bolt of cold hits you. You resist.
* * * LOW HITPOINT WARNING * * *
The bolt of cold hits your ironbound preserver zombie!
Your ironbound preserver zombie resists.
The frost giant is wracked by anguish!!
Unknown command.
You swap places.
The dire elephant tramples your yaktaur captain zombie!
Your yaktaur captain zombie holds its ground!
The dire elephant trunk-slaps your yaktaur captain zombie!
Your yaktaur captain zombie hits the dire elephant.
Electricity crackles from the ironbound thunderhulk's apparatus.
The bolt of lightning hits you!!!
You die...
Kikubaaqudgha rasps: "You have failed me!
Welcome... oblivion!"

#...#+#########....
#...# #.... #...#
#.... p #...+ #....
.C #...# #.[.. ...#
#Z..# #....
.#.OJ###ZZ.# #....
...p.kC#ZZ.# #....
...JpYYZZ@.# #....
.#e.c###Z..# #....


.cD #Z..###########.... . #.................. #..................
#.................. #......∩........... #.................. #..................
You could see 2 dire elephants, a frost giant (ally target, anguished), an
ironbound thunderhulk, a deep elf death mage, 2 slime creatures, an ironbound
frostheart (ally target), a vault sentinel (anguished), a lindwurm (anguished),
a yaktaur, a friendly ugly thing zombie, a friendly yaktaur zombie, a friendly
yaktaur captain zombie, a friendly deep troll zombie, a friendly wizard zombie,
a friendly ironbound convoker zombie and 3 friendly ironbound preserver zombies.

Vanquished Creatures
  Arachne (Spider:2)
  Mlioglotl (Spider:4)
  A thorn hunter (Swamp:4)
  Roxanne (Spider:1)
  2 emperor scorpions (Spider:3)
  A vault warden (Vaults:1)
  2 ghost moths (Spider:3)
  2 broodmothers
  3 ironbound preservers (Vaults:1)
  An eleionoma (Swamp:4)
  A green draconian (Swamp:1)
  A minotaur (Gauntlet)
  A bunyip (Swamp:2)
  A spark wasp (Spider:4)
  5 dire elephants (Vaults:1)
  An entropy weaver (Spider:1)
  Josephine (D:14)
  A yaktaur captain (Vaults:1)
  2 vault guards (D:14)
  6 hydras
  2 jorogumos (Spider:3)
  2 ironbound frosthearts (Vaults:1)
  3 ogre magi
  5 centaur warriors
  2 tengu warriors
  A dancing weapon (Volcano)
  4 two-headed ogres
  The ghost of Inkie2 the Cruncher, a novice MeWn of Elyvilon (D:8)
  An alligator (Swamp:3)
  5 death yaks (Lair:1)
  A spriggan berserker (Swamp:1)
  Sonja (Orc:2)
  Amaemon (Lair:2)
  Nergalle (D:11)
  4 pharaoh ants
  A sun moth (Spider:1)
  A death drake (Gauntlet)
  A goliath frog (Swamp:2)
  3 deep trolls (Vaults:1)
  5 swamp dragons
  A spriggan druid (Swamp:1)
  2 bog bodies
  5 orb spiders
  A steelbarb worm (Spider:1)
  2 orange crystal statues (IceCv)
  3 wizards
  4 ironbound convokers (Vaults:1)
  4 orc knights
  5 orc sorcerers (Orc:1)
  2 will-o-the-wisps
  A necromancer (Gauntlet)
  9 ugly things
  A deep elf pyromancer (D:15)
  2 cyclopes
  2 moths of wrath
  4 wolf spiders
  A centaur zombie (Gauntlet)
  5 toenail golems (Volcano)
  3 elephants (Lair:4)
  An ice statue (Swamp:1)
  4 black mambas
  8 cane toads
  4 torpor snails
  An orange demon (Lair:2)
  2 gargoyles (D:14)
  A rime drake (Lair:1)
  Maggie (D:7)
  3 demonic crawlers
  A kobold demonologist (D:11)
  A freezing wraith (D:14)
  2 tengu conjurers
  5 yaktaurs (Vaults:1)
  14 komodo dragons
  A harpy zombie (Gauntlet)
  2 polar bears
  A troll (D:13)
  6 tyrant leeches
  Prince Ribbit (D:6)
  Grinder (D:3)
  5 hornets
  3 tarantellas
  10 blink frogs
  9 slime creatures (IceCv)
  10 dream sheep
  3 jumping spiders
  3 spriggans
  4 culicivoras
  A water elemental (D:15)
  6 wraiths
  2 wyverns
  42 yaks
  A human (D:14)
  4 redbacks
  2 basilisks
  3 vampire mosquitoes
  3 steam dragons
  4 swamp worms
  4 wargs
  9 water moccasins
  2 acid dragons
  A black bear (D:6)
  Duvessa (D:6)
  A floating eye (Orc:1)
  4 great orb of eyes simulacra (IceCv)
  3 swamp drakes (Swamp:1)
  2 sky beasts
  18 orc warriors
  2 ice beasts
  8 ogres
  10 wolves
  5 slime creature simulacra (IceCv)
  15 centaurs
  3 kobold brigands
  11 bullfrogs
  A gnoll sergeant (D:7)
  A necrophage (D:4)
  4 glowing shapeshifter simulacra (IceCv)
  3 scorpions
  Dowan (D:6)
  2 electric eels (Lair:1)
  2 howler monkeys (D:7)
  3 gnoll boudas
  A hound (D:6)
  11 orc priests
  6 jellies
  A human skeleton (D:7)
  2 iguanas (D:5)
  20 orc wizards
  An ice beast zombie (IceCv)
  12 gnolls
  5 adders
  2 river rats (Sewer)
  5 white imps
  3 worms
  4 dart slugs
  62 orcs
  17 ball pythons
  7 bats
  12 endoplasms
  12 giant cockroaches
  3 goblins
  12 hobgoblins
  5 jackals
  7 quokkas
  5 frilled lizards
  A goblin zombie (D:7)
  24 kobolds
  4 rats
672 creatures vanquished.

Vanquished Creatures (collateral kills)
  the Lernaean hydra (Swamp:4)
  Rupert (Lair:5)
  A thorn hunter (Swamp:2)
  2 azure jellies (IceCv)
  3 emperor scorpions
  3 ghost moths (Spider:4)
  An ironbound preserver (Vaults:1)
  3 quicksilver oozes (IceCv)
  An ironbound thunderhulk (Vaults:1)
  4 broodmothers
  An eleionoma (Swamp:3)
  A green draconian (Swamp:1)
  A spark wasp (Spider:4)
  3 bunyips
  A dire elephant (Vaults:1)
  An entropy weaver (Spider:2)
  A vault guard (Vaults:1)
  11 hydras
  A spriggan air mage (Swamp:4)
  2 radroaches (Spider:3)
  2 jorogumos
  An ogre mage (Orc:2)
  2 centaur warriors
  6 two-headed ogres
  2 boulder beetles
  4 alligators (Swamp:3)
  A spriggan berserker (Swamp:4)
  A pharaoh ant (Spider:2)
  A spriggan rider (Swamp:4)
  3 goliath frogs
  2 orb spiders (Spider:3)
  10 swamp dragons
  A spriggan druid (Swamp:4)
  2 steelbarb worms
  9 bog bodies
  2 wizards
  2 wolf spider zombies (Spider:2)
  4 deep elf pyromancers
  2 will-o-the-wisps
  A deep elf zephyrmancer (D:15)
  An oklob plant (Lair:2)
  8 wolf spiders
  9 ugly things
  An orc sorcerer (Orc:1)
  A moth of wrath (shapeshifter) (D:13)
  A moth of wrath (Spider:3)
  3 torpor snails
  An elephant (Lair:4)
  8 cane toads
  6 demonic crawlers
  A rime drake (Lair:5)
  A redback zombie (Spider:2)
  A komodo dragon (Lair:5)
  A yaktaur (Vaults:1)
  2 efreet (D:15)
  A polar bear (Lair:5)
  A troll (Orc:2)
  11 slime creatures
  5 hornets
  8 tyrant leeches
  10 blink frogs
  22 tarantellas
  5 dream sheep (Lair:5)
  A tarantella zombie (Spider:2)
  18 jumping spiders
  11 culicivoras
  A wraith (D:12)
  A wyvern (Lair:2)
  10 yaks
  2 spriggans
  7 vampire mosquitoes
  34 redbacks
  3 wargs
  5 swamp worms
  4 water moccasins
  6 swamp drakes
  12 ogres
  An ice beast (D:8)
  5 orc warriors
  A great orb of eyes simulacrum (IceCv)
  3 wolves
  4 bullfrogs (Lair:5)
  A glowing shapeshifter simulacrum (IceCv)
  4 orc priests
  3 orc wizards (Orc:1)
  A river rat (Sewer)
  A white imp (Lair:4)
  27 orcs
  A quokka (D:1)
  An orc zombie (D:14)
  A briar patch (Swamp:4)
378 creatures vanquished.

Vanquished Creatures (others)
  A fenstrider witch (Swamp:4)
  A vault warden (Vaults:1)
  3 emperor scorpions
  2 ghost moths
  An ironbound preserver (Vaults:1)
  4 dire elephants (Vaults:1)
  Nessos (D:15)
  4 spark wasps
  6 bunyips
  A fire dragon (D:14)
  6 entropy weavers
  3 ice dragons
  A yaktaur captain (Vaults:1)
  7 hydras
  A vault guard (D:14)
  An ogre mage (Orc:2)
  2 spriggan air magi
  2 centaur warriors
  A jorogumo (Spider:2)
  5 radroaches
  4 two-headed ogres (Orc:2)
  An alligator (Swamp:3)
  3 boulder beetles
  4 spriggan berserkers
  A tengu warrior (D:15)
  An emperor scorpion zombie (Spider:3)
  5 bunyip zombies
  2 goliath frogs
  2 sun moths (Spider:4)
  2 death drakes
  2 pharaoh ants (Spider:3)
  2 spark wasp zombies
  4 deep trolls (Vaults:1)
  4 steelbarb worms
  A ghost moth zombie (Spider:3)
  6 swamp dragons
  2 bog bodies (Swamp:4)
  3 orb spiders
  2 wizards (Volcano)
  A deep elf pyromancer (D:15)
  4 deep elf zephyrmancers (D:15)
  5 ugly things
  2 salamanders (Volcano)
  2 lindwurms (Volcano)
  3 orc knights
  4 wolf spider zombies
  7 ugly thing zombies
  2 broodmother zombies
  2 cyclopes
  13 wolf spiders
  2 centaur zombies
  A jorogumo zombie (Spider:3)
  A black mamba (Lair:5)
  2 vault sentinels (Vaults:1)
  An elephant (Lair:4)
  3 torpor snails
  3 cane toads
  3 yaktaurs
  2 rime drakes (IceCv)
  2 efreet (D:15)
  A komodo dragon (Lair:2)
  A swamp worm zombie (Swamp:4)
  A tengu conjurer (D:14)
  3 demonic crawlers
  An orb spider zombie (Spider:3)
  13 redback zombies
  4 hydra zombies (Swamp:4)
  3 meliai (Spider:3)
  A bloated husk (Swamp:1)
  A hornet (Orc:1)
  3 demonic crawler zombies (Spider:3)
  8 tarantellas
  3 tyrant leeches
  3 tarantella zombies
  A radroach zombie (Spider:1)
  A fire dragon zombie (D:14)
  7 blink frogs
  A dream sheep (Lair:5)
  3 culicivora zombies
  7 jumping spider zombies
  13 jumping spiders
  2 spriggans
  2 tyrant leech zombies (Swamp:4)
  12 culicivoras
  10 yaks
  5 slime creature zombies (IceCv)
  A tengu zombie (D:15)
  A basilisk (D:14)
  17 redbacks
  3 vampire mosquitoes
  4 swamp worms
  7 ice beasts
  5 cane toad zombies
  13 orc warriors
  2 hornet zombies
  5 swamp drakes
  11 ogres
  7 dream sheep zombies (Lair:5)
  4 swamp dragon zombies
  An elephant zombie (Lair:4)
  An elf zombie (D:15)
  5 wolves
  2 blink frog zombies (Lair:5)
  A rime drake zombie (IceCv)
  3 human zombies (Vaults:1)
  2 komodo dragon zombies (Lair:2)
  A wyvern zombie (Lair:2)
  5 bullfrogs
  A cyclops zombie (D:14)
  A water moccasin zombie (Lair:4)
  3 warg zombies
  6 spriggan zombies
  3 yak zombies (Lair:5)
  2 electric eels (Lair:5)
  4 bullfrog zombies
  A basilisk zombie (D:14)
  2 orc priests
  3 orc wizards
  4 ogre zombies (D:14)
  3 ice beast zombies (IceCv)
  2 adders
  A gnoll (Orc:2)
  A swamp drake zombie (Swamp:4)
  A white imp (Gauntlet)
  2 adder zombies
  13 orcs
  A gnoll zombie (Orc:2)
  2 goblins
  A ball python (D:13)
  A goblin zombie (D:15)
  41 orc zombies
  A rat (D:14)
  A rat zombie (D:14)
  3 briar patches (Swamp:4)
  30 foxfires
  58 fungi
  102 plants
674 creatures vanquished.

Grand Total: 1724 creatures vanquished

Notes
Turn   | Place    | Note
-------+----------+-------------------------------------------
     0 | D:1      | tilp the Mummy Necromancer began the quest for the Orb.
     0 | D:1      | Reached XP level 1. HP: 13/13 MP: 4/4
    18 | D:1      | Noticed a black bear
    19 | D:1      | Noticed a swamp worm
    19 | D:1      | Noticed a hog
   226 | D:1      | Reached XP level 2. HP: 20/20 MP: 2/5
   408 | D:1      | Reached skill level 1 in Fighting
   836 | D:1      | Gained mutation: You are in touch with the powers of death.
                  | [Mummy growth]
   836 | D:1      | Reached XP level 3. HP: 25/26 MP: 4/7
   840 | D:1      | Learned a level 3 spell: Vampiric Draining
  1797 | D:2      | Noticed a scorpion
  1805 | D:2      | Killed a scorpion
  1806 | D:2      | Reached XP level 4. HP: 16/34 MP: 0/8
  2187 | D:3      | Found a glowing drain.
  2215 | D:3      | Reached skill level 5 in Necromancy
  2253 | Sewer    | Entered a sewer
  2266 | Sewer    | Reached XP level 5. HP: 39/39 MP: 5/9
  2815 | Sewer    | Reached XP level 6. HP: 47/47 MP: 2/10
  3017 | Sewer    | Found a viscous altar of Jiyva.
  3289 | D:3      | Noticed Grinder
  3316 | D:3      | Killed Grinder
  3317 | D:3      | Reached skill level 6 in Necromancy
  3317 | D:3      | Reached XP level 7. HP: 32/54 MP: 11/11
  3399 | D:3      | Found a faded altar of an unknown god.
  3540 | D:3      | Learned a level 4 spell: Animate Dead
  4285 | D:4      | Found a radiant altar of Vehumet.
  4782 | D:5      | Entered Level 5 of the Dungeon
  5190 | D:5      | Reached XP level 8. HP: 59/61 MP: 2/14
  5194 | D:5      | Reached skill level 7 in Necromancy
  6039 | D:5      | Found a sacrificial altar of Ru.
  6366 | D:6      | Reached skill level 5 in Fighting
  6541 | D:6      | Noticed Prince Ribbit
  6817 | D:6      | Reached skill level 5 in Spellcasting
  6907 | D:6      | Reached skill level 8 in Necromancy
  7358 | D:6      | Noticed Duvessa
  7358 | D:6      | Noticed Dowan
  7537 | D:6      | Reached XP level 9. HP: 55/69 MP: 1/16
  7749 | D:6      | Killed Prince Ribbit
  7750 | D:6      | Reached skill level 5 in Stealth
  7750 | D:6      | Reached skill level 1 in Evocations
  8072 | D:6      | Killed Duvessa
  8259 | D:6      | Killed Dowan
  8352 | D:7      | Noticed Maggie
  8360 | D:7      | Killed Maggie
  9189 | D:7      | Found a staircase to the Ecumenical Temple.
  9199 | Temple   | Entered the Ecumenical Temple
  9466 | Temple   | Became a worshipper of Kikubaaqudgha
  9604 | D:7      | Found a runed translucent door.
  9622 | D:7      | Found a basalt altar of Yredelemnul.
 10323 | D:8      | Found a stormy altar of Qazlal.
 10349 | D:8      | Found Ipsopeet's General Store.
 10357 | D:8      | Bought Jiomn's Vellum of Macabre Congelation for 336 gold
                  | pieces
 10363 | D:8      | Learned a level 5 spell: Borgnjor's Vile Clutch
 10390 | D:8      | Noticed a moth of wrath
 10462 | D:8      | Found a transporter.
 10470 | D:8      | Found a transporter.
 10474 | D:8      | Noticed Inkie2's ghost (novice MeWn)
 10749 | D:8      | Found a sparkling altar of Nemelex Xobeh.
 11395 | D:8      | Reached skill level 1 in Earth Magic
 11395 | D:8      | Reached XP level 10. HP: 73/77 MP: 5/18
 11582 | D:9      | Found a bloodstained altar of Trog.
 12022 | D:9      | Reached * piety under Kikubaaqudgha
 12022 | D:9      | Received a gift from Kikubaaqudgha
 12138 | D:9      | Reached skill level 9 in Necromancy
 13258 | D:10     | Entered Level 10 of the Dungeon
 13329 | D:10     | Found a staircase to the Lair.
 13584 | D:9      | Reached skill level 10 in Necromancy
 14522 | D:10     | Reached ** piety under Kikubaaqudgha
 14657 | D:10     | Found an ornate altar of the Wu Jian Council.
 14728 | D:10     | Identified the +10 trident "Gamirchi" {holy, *Rage rPois
                  | MP+9 Str+2}
 14825 | D:11     | Noticed Nergalle
 14832 | D:11     | Killed Nergalle
 15066 | D:11     | Noticed a two-headed ogre
 15088 | D:11     | Noticed a soul eater
 15090 | D:11     | Reached XP level 11. HP: 86/86 MP: 3/21
 15090 | D:11     | Killed a two-headed ogre
 15091 | D:11     | Reached skill level 5 in Earth Magic
 15318 | D:11     | Identified the +3 halberd of Desperation {venom, rF+ Str+4}
 16304 | Lair:1   | Entered Level 1 of the Lair of Beasts
 16792 | Lair:1   | Reached skill level 1 in Armour
 16963 | Lair:1   | Identified a scroll of acquirement
 16964 | Lair:1   | Acquired the amulet "Juerur" {RegenMP Fly rPois}
 17070 | Lair:1   | Noticed a death yak
 17079 | Lair:1   | Noticed a death yak
 17230 | Lair:1   | Noticed a death yak
 17230 | Lair:1   | Noticed a death yak
 17232 | Lair:1   | Noticed a death yak
 17235 | Lair:1   | Killed a death yak
 17257 | Lair:1   | Killed a death yak
 17277 | Lair:1   | Killed a death yak
 17291 | Lair:1   | Killed a death yak
 17330 | Lair:1   | Killed a death yak
 17331 | Lair:1   | Reached skill level 11 in Necromancy
 17331 | Lair:1   | Reached XP level 12. HP: 36/94 MP: 17/24
 17332 | Lair:1   | Reached *** piety under Kikubaaqudgha
 17332 | Lair:1   | Received a gift from Kikubaaqudgha
 17659 | Lair:1   | Reached skill level 5 in Evocations
 17668 | Lair:1   | Reached skill level 5 in Dodging
 18135 | Lair:1   | Found a runed translucent door.
 18135 | Lair:1   | Found a shimmering altar of Xom.
 18135 | Lair:1   | Noticed Athor's ghost (journeyman VSFi)
 18511 | Lair:1   | Learned a level 4 spell: Anguish
 18516 | Lair:1   | Learned a level 4 spell: Dispel Undead
 18523 | Lair:1   | Learned a level 6 spell: Death Channel
 18665 | Lair:2   | Noticed an eight-headed hydra
 18675 | Lair:2   | Killed a ten-headed hydra
 18832 | Lair:2   | Noticed Amaemon
 18842 | Lair:2   | Killed Amaemon
 19241 | Lair:2   | Reached **** piety under Kikubaaqudgha
 19281 | Lair:2   | Noticed a five-headed hydra
 19288 | Lair:2   | Killed a seven-headed hydra
 19347 | Lair:2   | Reached skill level 12 in Necromancy
 19564 | Lair:2   | Reached skill level 1 in Hexes
 19899 | Lair:2   | Gained mutation: You are strongly in touch with the powers
                  | of death. [Mummy growth]
 19899 | Lair:2   | Reached XP level 13. HP: 93/103 MP: 17/26
 19906 | Lair:2   | Reached skill level 10 in Fighting
 20336 | Lair:3   | Found a gate leading to a gauntlet.
 20367 | Gauntlet | Entered a Gauntlet
 20367 | Gauntlet | Found a transporter.
 20367 | Gauntlet | Found a transporter.
 20392 | Gauntlet | Found a transporter.
 20396 | Gauntlet | Found a transporter.
 20405 | Gauntlet | Found a transporter.
 20408 | Gauntlet | Found a transporter.
 20416 | Gauntlet | Found a transporter.
 20437 | Gauntlet | Found a transporter.
 20457 | Gauntlet | Found a transporter.
 20458 | Gauntlet | Found a transporter.
 20466 | Gauntlet | Found a transporter.
 20470 | Gauntlet | Found a transporter.
 20686 | Gauntlet | Reached ***** piety under Kikubaaqudgha
 20765 | Gauntlet | Reached skill level 5 in Hexes
 20770 | Gauntlet | Identified the ring of Eternal Night {rC+ Int+6 Dex+3
                  | Slay-6}
 20847 | Gauntlet | Noticed a minotaur
 20852 | Gauntlet | Killed a minotaur
 21082 | Lair:3   | You are sucked into a shaft and drop 2 floors!
 21082 | Lair:5   | Entered Level 5 of the Lair of Beasts
 21387 | Lair:5   | Reached skill level 1 in Staves
 21884 | Lair:5   | Reached XP level 14. HP: 59/111 MP: 12/27
 21990 | Lair:5   | Reached ****** piety under Kikubaaqudgha
 22285 | Lair:5   | Noticed Rupert
 22301 | Lair:5   | Killed Rupert
 22303 | Lair:5   | Reached skill level 10 in Spellcasting
 22416 | Lair:5   | Found a staircase to the Slime Pits.
 22416 | Lair:5   | Found a viscous altar of Jiyva.
 23128 | Lair:4   | Reached skill level 13 in Necromancy
 24023 | Lair:3   | Found a staircase to the Swamp.
 24063 | Lair:3   | Found a hole to the Spider Nest.
 24240 | Lair:3   | Received a gift from Kikubaaqudgha
 24411 | D:8      | Killed Inkie2's ghost
 24420 | D:8      | Identified the amulet "Mahum" {Faith Int+4}
 24857 | D:12     | Found a staircase to the Orcish Mines.
 25017 | Orc:1    | Entered Level 1 of the Orcish Mines
 25442 | Orc:1    | Paralysed by a floating eye for 3 turns
 25941 | Orc:2    | Entered Level 2 of the Orcish Mines
 25941 | Orc:2    | Noticed Sonja
 25947 | Orc:2    | Killed Sonja
 26029 | Orc:2    | Found a dark tunnel.
 26036 | Volcano  | Entered a volcano
 26415 | Orc:2    | Reached XP level 15. HP: 119/119 MP: 16/30
 26429 | Orc:2    | Reached skill level 14 in Necromancy
 26436 | Orc:2    | Found Humelune's Antique Weapon Emporium.
 26436 | Orc:2    | Found Errua's Book Boutique.
 26438 | Orc:2    | Found Yngainie's Book Shop.
 26438 | Orc:2    | Found Laokukka's Weapon Emporium.
 26725 | Orc:2    | Found a staircase to the Elven Halls.
 27160 | D:8      | Bought a +0 helmet of see invisible for 161 gold pieces
 27160 | D:8      | Bought a wand of paralysis (3) for 100 gold pieces
 27268 | D:13     | Found a portal to a secret trove of treasure.
 28235 | D:14     | Reached skill level 5 in Staves
 28505 | D:14     | Found a gate to the Vaults.
 28787 | D:14     | Reached skill level 15 in Necromancy
 29550 | D:14     | Noticed Josephine
 29556 | D:14     | Killed Josephine
 29619 | D:15     | Entered Level 15 of the Dungeon
 29699 | D:15     | Reached XP level 16. HP: 53/127 MP: 2/31
 29946 | D:15     | Found Ischod's Antique Weapon Shop.
 30079 | D:15     | Noticed Nessos
 30084 | D:15     | Killed Nessos
 30692 | D:15     | Found a staircase to the Depths.
 30989 | Spider:1 | Entered Level 1 of the Spider Nest
 31021 | Spider:1 | Identified the +1 leather armour of the Amoeba {Int+4}
 31350 | Spider:1 | You are sucked into a shaft and drop 1 floor!
 31369 | Spider:2 | Acquired the +3 lajatang "Ruiroimpupt" {freeze, rPois
                  | Int+10 SInv Stlth-}
 31379 | Spider:2 | Noticed Arachne
 31391 | Spider:2 | Killed Arachne
 31410 | Spider:2 | Identified the +0 ring mail "Aserai" {Slay+3}
 32691 | Spider:1 | Identified Roxanne's Grimoire of Metamorphosis
 32691 | Spider:1 | Noticed Roxanne
 32706 | Spider:1 | Killed Roxanne
 32985 | Spider:1 | Learned a level 6 spell: Simulacrum
 33080 | Spider:3 | Reached skill level 5 in Armour
 33111 | Spider:3 | Reached skill level 1 in Ice Magic
 33268 | Spider:3 | Reached XP level 17. HP: 96/135 MP: 2/32
 33574 | Spider:3 | Reached skill level 16 in Necromancy
 33659 | Spider:3 | Found the +7 Spriggan's Knife {stab, EV+4 Stlth+}
 35136 | Swamp:1  | Entered Level 1 of the Swamp
 35196 | Swamp:1  | Found a frozen archway.
 35222 | IceCv    | Entered an ice cave
 35952 | IceCv    | Found a viscous altar of Jiyva.
 35999 | IceCv    | Identified the ring of the Catfish {Will++ rCorr AC+4
                  | Int+3}
 36002 | IceCv    | Got the ring "Melynor" {Ice rN+ Str-5 Int+3}
 36003 | IceCv    | Identified the amulet "Amoufif" {RegenMP +Blink}
 37964 | Swamp:3  | Reached XP level 18. HP: 139/142 MP: 24/34
 38644 | Swamp:4  | Entered Level 4 of the Swamp
 38694 | Swamp:4  | Reached skill level 5 in Ice Magic
 38735 | Swamp:4  | Reached skill level 10 in Staves
 39430 | Swamp:4  | Identified the +12 chain mail of Mental Paralysis {Int+2}
 39451 | Swamp:4  | Noticed the 27-headed Lernaean hydra
 39457 | Swamp:4  | Killed the 27-headed Lernaean hydra
 39464 | Swamp:4  | Got a decaying rune of Zot
 39695 | Spider:4 | Entered Level 4 of the Spider Nest
 39926 | Spider:4 | Noticed Mlioglotl
 39935 | Spider:4 | Killed Mlioglotl
 40227 | Spider:4 | Reached skill level 17 in Necromancy
 40256 | Spider:4 | Got a gossamer rune of Zot
 40888 | Vaults:1 | Entered Level 1 of the Vaults
 40997 | Vaults:1 | Reached XP level 19. HP: 149/150 MP: 20/36
 41020 | Vaults:1 | Found Idiuwk's Magic Scroll Boutique.
 41266 | Vaults:1 | Killed from afar by an ironbound thunderhulk

Illustrated notes

Levels and vault maps discovered:
D:1:      onia_arrival_zoo_common, layout_basic
D:2:      layout_basic
D:3:      layout_loops_ring, portal_sewer_entry_f,
          dreamdust_ecumenical_altar_angels_and_demons, uniq_grinder
D:4:      layout_cave_pools, mainiacjoe_overflow_concentric_impassable,
          nicolae_vehumet_altar_sigil
D:5:      layout_loops_ring, nicolae_ru_great_annihilating_truth,
          guppyfry_early_orc_mine
D:6:      layout_gridville, nrook_loot_triangle, uniq_prince_ribbit1,
          uniq_duvessa
D:7:      layout_basic, mainiacjoe_overflow_alcove_1, dk_yredelemnul_ordeal,
          minmay_temple_entry_glass, uniq_maggie
D:8:      layout_layer_cave, nemelex_xobeh_ov_fountains_minmay,
          nicolae_qazlal_style_of_elements, gammafunk_ghost_berserking_beasts,
          serial_shops, nicolae_shop_statue_plus
D:9:      layout_big_octagon, lemuel_tele_altar, minmay_curled_crystal,
          serial_bayou_crossing
D:10:     layout_basic, nicolae_wu_jian_glorious_leap, dpeg_oklobed_lair
D:11:     layout_loops_ring, uniq_nergalle
D:12:     layout_cave_pools, orc_0_dummy
D:13:     layout_loops_cross, nicolae_trove_entry_columns
D:14:     layout_roguey [special_room_orc], grunt_vaults_entry_fortified,
          minmay_misc_feat_iff, dk_noncrumbling_2, uniq_josephine
D:15:     grunt_enter_depths_hoard, layout_cave_pools, serial_shops,
          nicolae_shop_overgrown_old_shop, elves_outpost_lemuel, uniq_nessos
Temple:   compressed_dpeg_triangle_lava_temple
Lair:1:   layout_regular_city, ebering_ghost_xom,
          chequers_serial_rivers_micro_e, dreamdust_gnoll_shepherd,
          infiniplex_staircase_pool
Lair:2:   layout_regular_city, chequers_serial_rivers_large_a,
          lemuel_fruit_fields, serial_bayou_shore_b, grunt_megastairs_3,
          uniq_amaemon
Lair:3:   layout_roguey, swamp_mist_pool, nicolae_spider_entry_orb_guardian,
          gauntlet_entry_generic, lemuel_old_faithful
Lair:4:   layout_hall_layers, bobbens_ice_dragon_lair
Lair:5:   minmay_lair_end_frog_pond, layout_loops_ring, slime_entry_1,
          nicolae_lair_run_with_the_wolves, infiniplex_staircase_pool_2,
          serial_bayou_shore_b, uniq_rupert
Swamp:1:  layout_basic_swamp, portal_ice_cave_entry_ice_statue_one,
          nicolae_swamp_tree_isthmus, swamp_pool5, hangedman_swamp_dais
Swamp:2:  layout_falls_marsh, evilmike_swamp_ruin_wall, swamp_pool1,
          st_swamp_mini
Swamp:3:  layout_basic_swamp, nicolae_swamp_trees_clearing
Swamp:4:  grunt_swamp_rune_castle, layout_basic_swamp, swamp_pool1
Spider:1: layout_chambers, nicolae_spider_shape,
          hangedman_spider_tarantella_strand, uniq_roxanne
Spider:2: layout_spider_delve, uniq_arachne
Spider:3: nicolae_spider_hilbert_zone_3 [nicolae_spider_hilbert_4_sides_2_open,
          nicolae_spider_hilbert_3_sides_1_open,
          nicolae_spider_hilbert_3_sides_1_open,
          nicolae_spider_hilbert_3_sides_1_open,
          nicolae_spider_hilbert_3_sides_1_open,
          nicolae_spider_hilbert_4_sides_1_open,
          nicolae_spider_hilbert_4_sides_1_open,
          nicolae_spider_hilbert_4_sides_1_open,
          nicolae_spider_hilbert_4_sides_1_open,
          nicolae_spider_hilbert_4_sides_1_open,
          nicolae_spider_hilbert_4_sides_1_open,
          nicolae_spider_hilbert_4_sides_1_open,
          nicolae_spider_hilbert_4_sides_1_open,
          nicolae_spider_hilbert_3_sides_1_open,
          nicolae_spider_hilbert_3_sides_1_open,
          nicolae_spider_hilbert_3_sides_1_open,
          nicolae_spider_hilbert_3_sides_1_open], nicolae_spider_orb_run
Spider:4: grunt_spider_rune_parallel, uniq_mlioglotl
Orc:1:    hellmonk_paralyzer, layout_caves
Orc:2:    st_orc_ogre_mass, layout_caves, enter_volcano_4, uniq_sonja
Vaults:1: v_alt_pattern_2, nicolae_vaults_little_squares_1, st_eye,
          grunt_vaults_twisty, nicolae_vaults_network_star,
          ontoclasm_vaults_chip, vaults_standard_mumra_lines,
          vaults_room_door_ring, nicolae_vaults_little_squares_3,
          nicolae_vaults_little_squares_6, ontoclasm_vaults_chip,
          ontoclasm_vaults_ring_small, vaults_room_pool, serial_ice_h,
          grunt_vaults_hallway_long, layout_vaults_big_room, serial_shops, shop

Skill      XL: |  1  2  3  4  5  6  7  8  9 10 11 12 13 14 15 16 17 18 |
---------------+-------------------------------------------------------+-----
Fighting       | 1 2 3 4 5 6 8 9 10 11 12 13 | 13.5
Spellcasting   | 3 4 5 7 8 9 11 12 13 | 13.0
Dodging        | 2 3 4 6 7 8 9 |  9.7
Stealth        | 2 3 4 6 |  6.0
Necromancy     | 5 6 8 10 11 12 13 15 16 17 | 17.3
Evocations     | 4 6 7 8 9 |  9.7
Earth Magic    | 1 4 6 7 8 |  8.0
Armour         | 2 4 5 6 |  6.0
Hexes          | 2 8 9 |  9.9
Staves         | 2 4 7 8 9 10 | 10.7
Ice Magic      | 1 4 6 |  6.6

Action                   |  1- 3 |  4- 6 |  7- 9 | 10-12 | 13-15 | 16-18 | 19-21 || total
-------------------------+-------+-------+-------+-------+-------+-------+-------++-------
Melee: Mace              |     3 |    64 |    26 |       |       |       |       ||    93
       Punch             |       |     1 |     3 |     2 |       |       |       ||     6
       Trident           |       |       |   294 |   147 |       |       |       ||   441
       Whip              |       |       |       |    62 |       |       |       ||    62
       Halberd           |       |       |       |   170 |   415 |    31 |       ||   616
       Lajatang          |       |       |       |       |       |   279 |    38 ||   317
Throw: Dart              |       |     2 |    19 |    14 |       |       |       ||    35
 Cast: Necrotise         |    81 |    62 |    19 |       |       |       |       ||   162
       Vampiric Draining |       |     7 |    98 |    82 |    15 |     9 |       ||   211
       Borgnjor's Vile C |       |       |       |    76 |   126 |   112 |    10 ||   324
       Anguish           |       |       |       |    17 |   117 |   169 |    13 ||   316
       Death Channel     |       |       |       |     4 |    29 |    42 |     2 ||    77
       Animate Dead      |       |       |       |     1 |    16 |    16 |       ||    33
       Dispel Undead     |       |       |       |       |     6 |    11 |       ||    17
Invok: Torment           |       |       |       |       |     2 |       |       ||     2
       Unearth Wretches  |       |       |       |       |    11 |    26 |       ||    37
       Receive Forbidden |       |       |       |       |     1 |       |       ||     1
Evoke: Condenser vane    |       |       |       |       |       |     3 |       ||     3
       Wand              |       |       |       |       |       |     2 |       ||     2
       Box of beasts     |       |       |       |       |       |     1 |       ||     1
  Use: Scroll            |     2 |     4 |     6 |     6 |     3 |     7 |       ||    28
 Stab: Sleeping          |       |       |    12 |     5 |    10 |     1 |       ||    28
       Invisible         |       |       |     1 |       |       |       |       ||     1
       Distracted        |       |       |     1 |     1 |     6 |    14 |       ||    22
       Paralysed         |       |       |       |       |     2 |     4 |       ||     6
Armor: Robe              |     2 |    21 |   101 |       |     6 |       |       ||   130
       Steam dragon scal |       |       |    50 |   285 |   201 |       |       ||   536
       Leather armour    |       |       |       |       |    71 |   236 |    39 ||   346
Dodge: Dodged            |    11 |    77 |   275 |   367 |   471 |   324 |    23 ||  1548

Table legend: (Time is in decaauts)
 A = Elapsed time spent in this place.
 B = Non-inter-level travel time spent in this place.
 C = Inter-level travel time spent in this place.
 D = Time resting spent in this place.
 E = Time spent auto-exploring this place.
 F = Levels seen in this place.
 G = Mean time per level.
                   A        B        C        D        E       F      G
               +--------+--------+--------+--------+--------+-----+--------+
         Total |  41857 |  38784 |   3073 |   5884 |  23580 |  36 | 1162.7 |
       Dungeon |  20514 |  18892 |   1622 |   3250 |  12280 |  15 | 1367.6 |
        Temple |    283 |    248 |     35 |      0 |    239 |   1 |  283.0 |
          Lair |   7570 |   6956 |    614 |    804 |   4620 |   5 | 1514.0 |
         Swamp |   3534 |   3308 |    226 |    236 |   2119 |   4 |  883.5 |
   Spider Nest |   5180 |   4741 |    439 |    562 |   2651 |   4 | 1295.0 |
  Orcish Mines |   1841 |   1727 |    114 |     92 |   1230 |   2 |  920.5 |
        Vaults |    372 |    351 |     21 |      0 |      0 |   1 |  372.0 |
         Sewer |    847 |    847 |      0 |    325 |    297 |   1 |  847.0 |
      Ice Cave |    962 |    962 |      0 |    502 |      0 |   1 |  962.0 |
       Volcano |    237 |    237 |      0 |      0 |      0 |   1 |  237.0 |
      Gauntlet |    512 |    512 |      0 |    113 |    143 |   1 |  512.0 |
               +--------+--------+--------+--------+--------+-----+--------+

Top non-repeatable levels by time:
     D:6: 2304 daAuts
     D:8: 2250 daAuts
    D:10: 2133 daAuts
  Lair:1: 2103 daAuts
Spider:3: 2045 daAuts
  Lair:5: 1862 daAuts
  Lair:2: 1762 daAuts
Spider:1: 1639 daAuts
     D:5: 1568 daAuts
     D:9: 1509 daAuts
    D:14: 1487 daAuts
    D:11: 1242 daAuts
    D:15: 1180 daAuts
     D:1: 1170 daAuts
     D:7: 1159 daAuts
